 Dungeon Crawl Stone Soup version 0.20.1-1-g8b1a95d (webtiles) character file.

1590 voivode the Spear-Bearer (level 8, -2/57 HPs)
             Began as a Merfolk Conjurer on July 29, 2017.
             Slain by bmj180's ghost (10 damage)
             ... in a bailey.
             The game lasted 00:20:36 (6697 turns).

voivode the Spear-Bearer (Merfolk Conjurer)         Turns: 6697, Time: 00:20:37

Health: -2/57      AC:  7    Str: 10    XL:     8   Next: 92%
Magic:  11/11      EV: 14    Int: 15    God:
Gold:   246        SH:  0    Dex: 14    Spells: 8/11 levels left

rFire    + . .     SeeInvis .   i - +0 spear
rCold    . . .     Gourm    .   (no shield)
rNeg     . . .     Faith    .   y - +1 robe {rF+}
rPois    .         Spirit   .   (no helmet)
rElec    .         Reflect  .   (no cloak)
rCorr    .         Harm     .   (no gloves)
MR       .....                  (no boots)
Stlth    ++........             A - amulet of rage
Regen    0.2/turn               r - +6 ring of slaying
MPRegen  0.2/turn               p - +4 ring of protection

@: no status effects
A: change form in water, swift swim, stealthy swim
a: Evoke Berserk Rage


You were in a bailey.
You were hungry.

You visited 1 branch of the dungeon, and saw 7 of its levels.
You also visited: Bailey.

You collected 246 gold pieces.

Inventory:

Hand Weapons
 i - a +0 spear (weapon)
Missiles
 g - 248 stones (quivered)
 G - a throwing net
Armour
 y - a +1 robe of fire resistance (worn)
Jewellery
 d - an uncursed ring of flight
 p - a +4 ring of protection (right hand)
 r - a +6 ring of slaying (left hand)
 A - an amulet of rage (around neck)
 B - an uncursed amulet of the gourmand
 C - an uncursed ring of protection from fire {unknown}
Wands
 w - a wand of flame (22/48)
 D - a wand of polymorph (7/24)
 F - a wand of flame (23/48)
Scrolls
 a - a scroll of teleportation
 f - a scroll of enchant weapon
 m - 3 scrolls of remove curse
 n - 3 scrolls of amnesia
 t - 3 scrolls of immolation
Potions
 h - 3 potions of mutation
 j - 3 potions of curing
 l - a potion of heal wounds
 o - 2 potions of might {unknown}
 q - a potion of degeneration {unknown}
 s - a potion of flight {unknown}
 v - 2 potions of lignification {unknown}
 z - a potion of brilliance {unknown}
Books
 b - a book of Conjurations

   Spells                             Type                      Level
   a - Magic Dart                     Conjuration                  1
   b - Searing Ray                    Conjuration                  2
   c - Dazzling Spray                 Conjuration/Hexes            3
   d - Fulminant Prism                Conjuration/Hexes            4
   e - Force Lance                    Conjuration/Translocation    4
   f - Iskenderun's Mystic Blast      Conjuration                  4
 x - a book of Cantrips

   Spells                             Type                      Level
   a - Confusing Touch                Hexes                        1
   b - Animate Skeleton               Necromancy                   1
   c - Summon Small Mammal            Summoning                    1
   d - Apportation                    Translocation                1
Comestibles
 c - 3 bread rations
 k - a meat ration
 u - 4 fruits
 E - 9 chunks of flesh


   Skills:
 - Level 2.8 Fighting
   Level 1.0 Maces & Flails
 + Level 11.1 Polearms
 - Level 4.5 Dodging
 - Level 2.1 Stealth
 - Level 2.0 Spellcasting
 - Level 6.0 Conjurations


You had 8 spell levels left.
You knew the following spells:

 Your Spells              Type           Power        Failure   Level  Hunger
a - Magic Dart            Conj           ###.         1%          1    #......
b - Searing Ray           Conj           ###...       2%          2    ###....


Dungeon Overview and Level Annotations

Branches:
Dungeon (7/15)
 Temple: D:4-7

Altars:
Nemelex Xobeh

Annotations:
D:4 Pikel Bailey bmj180's ghost, novice HaFi


Message History

* * * LOW HITPOINT WARNING * * *
The weapon returns to the centaur!
Bmj180's ghost hits you.
* * * LOW HITPOINT WARNING * * *
The centaur throws a javelin of returning.
The javelin of returning hits you!
* * * LOW HITPOINT WARNING * * *
There is a fountain of clear blue water here.
You feel much better.
The centaur throws a javelin of returning.
The javelin of returning hits you!
The weapon returns to the centaur!
Bmj180's ghost hits you!
* * * LOW HITPOINT WARNING * * *
The centaur throws a javelin of returning.
The javelin of returning barely misses you.
The weapon returns to the centaur!
The centaur throws a javelin of returning.
The javelin of returning hits you!
* * * LOW HITPOINT WARNING * * *
The weapon returns to the centaur!
Bmj180's ghost hits you!
You die...

.o.≈≈≈≈≈≈≈≈≈...≈#
.≈≈≈...oo..≈≈..≈##
≈≈..≈≈≈≈≈≈≈....≈≈#
≈o≈≈≈.....≈≈≈...≈≈
.≈≈.o≈≈≈≈≈..≈≈..⌠≈
.≈.≈≈≈...≈≈≈.≈≈.$≈
≈≈.≈..⌠.⌠..≈≈o≈..$
..c≈..∩∩@.....≈c$$
≈≈.≈..⌠W⌠..≈≈.≈..$
.≈.≈≈≈...≈≈≈.≈≈.$≈
.≈≈..≈≈≈≈≈..≈≈..⌠≈
≈.≈≈≈.....≈≈≈...≈≈
≈≈..≈≈≈≈≈≈≈o...≈≈#
.≈≈≈..o.o..≈≈..≈##
...≈≈≈≈≈≈≈≈≈...≈#
###............≈


You could see 2 centaurs, bmj180's ghost and 9 orcs.

Vanquished Creatures
  Sigmund (D:2)
  A hungry ghost (D:7)
  A black bear (D:7)
  3 ogres
  A centaur (D:6)
  2 bullfrogs (D:6)
  A howler monkey (D:7)
  2 bullfrog zombies
  An orc priest (D:3)
  A quasit (D:6)
  A hound (D:6)
  A jelly (D:5)
  2 orc wizards
  A bullfrog skeleton (D:6)
  A centaur skeleton (D:6)
  2 iguanas
  5 worker ants
  A hound skeleton (D:5)
  A gnoll (D:7)
  8 adders
  2 shadow imps
  2 oozes
  3 worms
  3 dart slugs
  A leopard gecko (D:2)
  12 orcs
  A ball python (D:5)
  5 giant cockroaches
  10 goblins
  4 hobgoblins
  14 jackals
  4 quokkas
  7 bats
  4 frilled lizards
  9 kobolds
  A leopard gecko skeleton (D:6)
  10 rats
129 creatures vanquished.

Notes
Turn   | Place    | Note
-------+----------+-------------------------------------------
     0 | D:1      | voivode the Merfolk Conjurer began the quest for the Orb.
     0 | D:1      | Reached XP level 1. HP: 13/13 MP: 3/3
   269 | D:1      | Reached XP level 2. HP: 12/19 MP: 0/5
   914 | D:2      | Learned a level 2 spell: Searing Ray
  1103 | D:2      | Reached XP level 3. HP: 23/25 MP: 1/6
  1249 | D:2      | Found a faded altar of an unknown god.
  1804 | D:2      | Reached XP level 4. HP: 24/31 MP: 1/7
  2012 | D:2      | Noticed Sigmund
  2027 | D:2      | Killed Sigmund
  2027 | D:2      | Reached skill level 1 in Fighting
  2027 | D:2      | Reached skill level 5 in Conjurations
  2027 | D:2      | Reached XP level 5. HP: 37/38 MP: 0/8
  2509 | D:3      | Reached XP level 6. HP: 44/44 MP: 9/9
  2841 | D:3      | Reached skill level 1 in Maces & Flails
  2954 | D:3      | Found a sparkling altar of Nemelex Xobeh.
  3084 | D:4      | Noticed a slave
  3084 | D:4      | Noticed a slave
  3084 | D:4      | Noticed a slave
  3086 | D:4      | Noticed Pikel
  3752 | D:5      | Entered Level 5 of the Dungeon
  3831 | D:4      | Noticed a slave
  4070 | D:3      | Reached XP level 7. HP: 14/51 MP: 3/10
  4682 | D:5      | Reached skill level 1 in Polearms
  4706 | D:5      | Reached skill level 2 in Polearms
  5138 | D:6      | Reached skill level 3 in Polearms
  5191 | D:6      | Reached skill level 4 in Polearms
  5524 | D:6      | Reached skill level 5 in Polearms
  5657 | D:6      | Reached skill level 6 in Polearms
  5723 | D:6      | Reached XP level 8. HP: 54/57 MP: 1/11
  5893 | D:6      | Reached skill level 7 in Polearms
  6143 | D:7      | Reached skill level 8 in Polearms
  6371 | D:6      | Reached skill level 9 in Polearms
  6434 | D:7      | Reached skill level 10 in Polearms
  6666 | D:7      | Reached skill level 11 in Polearms
  6678 | D:7      | Found a flagged portal.
  6687 | Bailey   | Entered a bailey
  6687 | Bailey   | Noticed bmj180's ghost (novice HaFi)
  6697 | Bailey   | Slain by bmj180's ghost

Skill      XL: |  1  2  3  4  5  6  7  8 |
---------------+-------------------------+-----
Conjurations   | 4 5 6 |  6.0
Dodging        | 3 4 |  4.5
Fighting       | 1 2 |  2.8
Maces & Flails | 1 |  1.0
Polearms       | 6 11 | 11.1
Stealth        | |  2.1
Spellcasting   | |  2.0

Action                   |  1- 3 |  4- 6 |  7- 9 || total
-------------------------+-------+-------+-------++-------
Melee: Whip              |    19 |    82 |     5 ||   106
       Spear             |       |       |   147 ||   147
 Cast: Magic Dart        |    63 |    38 |    35 ||   136
       Searing Ray       |     2 |     9 |    14 ||    25
  Use: Scroll            |       |     9 |     4 ||    13
       Potion            |       |       |     2 ||     2
 Stab: Sleeping          |       |     5 |     3 ||     8
       Distracted        |       |       |     1 ||     1
  Eat: Chunk             |     4 |     8 |    11 ||    23
       Royal jelly       |       |       |     1 ||     1
       Meat ration       |       |       |     1 ||     1
Armor: Robe              |     7 |     7 |    37 ||    51
Dodge: Dodged            |    17 |    70 |    80 ||   167
